 Dungeon Crawl Stone Soup version 0.32-a0-913-g739538afd8 (webtiles) character file.

Game seed: 8258044186491314479

105 Autsider the Ruffian (level 4, -6/31 HPs)
             Began as an Octopode Shapeshifter on Apr 8, 2024.
             Killed by divine providence
             ... invoked by an orc priest
              (11 damage)
             ... on level 4 of the Dungeon.
             The game lasted 00:08:21 (2251 turns).

Autsider the Ruffian (Octopode Shapeshifter)        Turns: 2251, Time: 00:08:21

Health: -6/31      AC:  1    Str: 13    XL:     4   Next: 81%
Magic:  13/13      EV: 12    Int: 14    God:
Gold:   265        SH:  0    Dex: 11    Spells: 1/3 levels left

rFire   . .          .
                       - Unarmed
rCold   . . .        (no shield)
rNeg    . . .        (helmet currently unavailable)
rPois   +            (no amulet)
rElec   .            d - ring of wizardry
rCorr   .            f - ring of poison resistance
SInv    .            m - ring of magical power
Will    .....        (no ring)
Stlth   ++           (no ring)
HPRegen 0.25/turn    (no ring)
MPRegen 0.13/turn    (no ring)
                     (no ring)

%: wizardry (x1)
@: beast-form
A: beast (slay +2), almost no armour, amphibious, 8 rings, camouflage 1,
gelatinous body 1, (nimble swimmer 1), tentacles
a: Begin Untransformation, Convert to Beogh


You were on level 4 of the Dungeon.
You were a hulking beast.
You visited 1 branch of the dungeon, and saw 4 of its levels.

You collected 265 gold pieces.

Inventory:

Hand Weapons
 r - a +4 short sword
Magical Staves
 q - a staff of alchemy
Jewellery
 d - a ring of wizardry (left tentacle)
 f - a ring of poison resistance (right tentacle)
 m - a ring of magical power (on tentacle)
Talismans
 b - a beast talisman (active)
 c - a flux talisman
Wands
 j - a wand of mindburst (7)
Scrolls
 e - a scroll of fog
 g - a scroll of teleportation {@r2}
 l - a scroll of amnesia
 o - a scroll of noise
 p - a scroll of enchant weapon
 u - a scroll of poison
Potions
 a - a potion of lignification
 h - a potion of berserk rage
 i - 3 potions of curing {@q1}
 k - a potion of attraction
 n - a potion of experience {unknown}
 s - a potion of magic
 t - a potion of resistance {unknown}
 v - a potion of haste {unknown}


   Skills:
 - Level 3.0 Fighting
 - Level 2.0 Dodging
 + Level 3.8 Unarmed Combat
 + Level 3.6 Shapeshifting


You had one spell level left.
You knew the following spells:

 Your Spells              Type           Power      Damage    Failure   Level
z - Blink                 Tloc           0%         N/A       17%         2

Your spell library contained the following spells:

 Spells                   Type           Power      Damage    Failure   Level
 Apportation              Tloc           0%         N/A       12%         1
 Slow                     Hex            0%         N/A       12%         1
 Summon Small Mammal      Summ           0%         N/A       12%         1
 Jinxbite                 Hex            0%         N/A       17%         2
 Lesser Beckoning         Tloc           0%         N/A       17%         2
 Momentum Strike          Conj/Tloc      0%         3d8       17%         2
 Call Canine Familiar     Summ           0%         N/A       32%         3
 Confusing Touch          Hex            0%         N/A       32%         3
 Vampiric Draining        Necr           0%         2d6       32%         3
 Summon Blazeheart Golem  Fire/Summ      0%         N/A       71%         4
 Alistair's Intoxication  Alch           0%         N/A       95%         5


Dungeon Overview and Level Annotations

Branches:
Dungeon (4/15)
 Temple: D:4-7

Altars:
Ashenzari

Shops:
D:2 ([


Innate Abilities, Weirdness & Mutations

You are a hulking beast.
Your limbs bulge with bestial killing power. (Slay +2)
You cannot wear most types of armour.
You are amphibious.
You can wear up to eight rings at the same time.
Your skin changes colour to match your surroundings (Stealth+).
Your rubbery body absorbs attacks. (AC +1, EV +1)
((You are camouflaged when in or above water. (Stealth+)))
You have tentacles for arms and can constrict up to eight enemies at once.


Message History

j - a wand of mindburst (7)
v - a coppery potion An orc comes into view.
It is wielding a +0 flail.
The orc shouts!
You hear a shout! x2
An orc priest comes into view.
It is wielding a +0 falchion. 2 orcs come into view.
A goblin comes into view. It is wielding a +0 dagger.
You completely miss the orc.
The orc shouts!
The goblin shouts!
You grab the orc. You squeeze the orc.
The orc is moderately wounded.
You constrict the orc.
The orc struggles to escape constriction.
You closely miss the orc priest. Your grab misses the orc priest.
You constrict the orc.
You kill the orc!
The orc priest begins to cast a cantrip, but forgets the words!
The orc misses you.
You tentacle-slap the orc priest but do no damage.
You grab the orc priest. You squeeze the orc priest.
The orc priest is lightly wounded.
You constrict the orc priest.
The orc priest hits you with a +0 falchion!
The orc closely misses you.
You tentacle-slap the orc priest.
The orc priest is moderately wounded.
You constrict the orc priest.
The orc priest hits you with a +0 falchion.
* * * LOW HITPOINT WARNING * * *
The orc hits you from afar with a +0 trident!
* * * LOW HITPOINT WARNING * * *
The orc priest shouts, "Beogh offers mercy even to people such as you.
Join us and be reborn!" (press Y on the ability menu to convert to Beogh)
You tentacle-slap the orc priest but do no damage.
The orc priest is heavily wounded.
You constrict the orc priest. The orc hits you with a +0 flail.
* * * LOW HITPOINT WARNING * * *
The orc priest invokes the aid of Beogh against you.
Beogh smites you!
You die...

#.# ..# ####.######.#
#...........# .
#.##.....#†.#..
#...#....#..... #
###....#..#...... ...##
#......###....#..
#....##.#...###.....# .
#ooh....#..#.....#
......o.##.#....#....#
##.##.g....#.....##..#
........##.............###
....######.##...####.#.#..
#.#. ....##...####..(...
... ...................
##.. ##.###..#..####....
#.. #......[#.........


You could see an orc priest, 2 orcs and a goblin.

Vanquished Creatures
  An orc wizard (D:3)
  2 adders
  2 dart slugs
  2 ribbon worms
  6 orcs
  4 endoplasms
  A giant cockroach (D:1)
  2 goblins
  6 hobgoblins
  3 quokkas
  4 ball pythons
  3 bats
  2 frilled lizards
  4 kobolds
  8 rats
50 creatures vanquished.

Notes
Turn   | Place    | Note
-------+----------+-------------------------------------------
     0 | D:1      | Autsider the Octopode Shapeshifter began the quest for the
                  | Orb.
     0 | D:1      | Reached XP level 1. HP: 13/13 MP: 1/1
   198 | D:1      | Reached XP level 2. HP: 19/19 MP: 2/2
   697 | D:2      | Found Qiesch's Armour Boutique.
   748 | D:2      | Reached XP level 3. HP: 26/26 MP: 3/3
  1071 | D:2      | Found Tuegh's Antique Weapon Boutique.
  1448 | D:2      | Learned a level 2 spell: Blink
  1478 | D:3      | Found a faded altar of an unknown god.
  1598 | D:3      | Reached XP level 4. HP: 31/31 MP: 4/4
  2107 | D:4      | Found a broken altar of Ashenzari.
  2251 | D:4      | Killed from afar by an orc priest

Illustrated notes

Levels and vault maps discovered:
D:1:      dpeg_arrival_rooms_with_view, layout_basic
D:2:      layout_basic, serial_shops, shop_coins, shop
D:3:      layout_basic, chequers_ecumenical_altar_simple, nicolae_the_louvre
D:4:      layout_rooms, mainiacjoe_overflow_surrounded_room,
          nicolae_overflow_hidden_temple, minmay_temple_entry_ruins,
          dk_noncrumbling_3, minmay_misc_feat_chi

Skill      XL: |  1  2 |
---------------+-------+-----
Fighting       | 2 3 |  3.0
Dodging        | |  2.0
Unarmed Combat | |  3.8
Shapeshifting  | |  3.6

Action                     |  1- 3 |  4- 6 || total
---------------------------+-------+-------++-------
  Melee: Unarmed           |    55 |    24 ||    79
         Constrict         |    23 |     9 ||    32
         Tentacles         |    10 |    10 ||    20
         Punch             |     1 |       ||     1
    Use: Scroll            |       |    10 ||    10
   Stab: Sleeping          |     2 |     3 ||     5
 Armour: Skin              |    14 |     9 ||    23
  Dodge: Dodged            |    17 |    12 ||    29

Table legend: (Time is in decaauts)
 A = Elapsed time spent in this place.
 B = Non-inter-level travel time spent in this place.
 C = Inter-level travel time spent in this place.
 D = Time resting spent in this place.
 E = Time spent auto-exploring this place.
 F = Levels seen in this place.
 G = Mean time per level.
                   A        B        C        D        E       F      G
               +--------+--------+--------+--------+--------+-----+--------+
         Total |   2244 |   2147 |     97 |    103 |   1560 |   4 |  561.0 |
       Dungeon |   2244 |   2147 |     97 |    103 |   1560 |   4 |  561.0 |
               +--------+--------+--------+--------+--------+-----+--------+

Top non-repeatable levels by time:
     D:2: 864 daAuts
     D:3: 614 daAuts
     D:1: 609 daAuts
     D:4: 155 daAuts
